 Dungeon Crawl Stone Soup version 0.16.2-12-gd0ad4c3 (webtiles) character file.

240 faibistes the Magician (level 5, -4/28 HPs)
             Began as a Deep Elf Wizard on Feb 23, 2019.
             Shot with an arrow of flame by a centaur (5 damage)
             ... on level 3 of the Dungeon.
             The game lasted 00:06:21 (2885 turns).

faibistes the Magician (Deep Elf Wizard)            Turns: 2885, Time: 00:06:21

Health: -4/28      AC:  2    Str:  4    XL:     5   Next: 80%
Magic:  20/20      EV: 13    Int: 24    God:
Gold:   65         SH:  0    Dex: 13    Spells: 6 memorised, 3 levels left

rFire  . . .     SeeInvis .     j - -3 short sword (curse)
rCold  . . .     Clarity  .     a - +0 robe
rNeg   . . .     SustAb   +     (no shield)
rPois  .         Gourm    .     b - +0 hat
rElec  .         Spirit   .     (no cloak)
rCorr  .         Warding  .     (no gloves)
rMut   .         Stasis   .     (no boots)
MR     .....                    h - amulet of rage
Stlth  ++........               (no ring)
                                n - ring of sustain abilities

@: repel missiles, not resistant to hostile enchantments, unstealthy
A: no striking features
a: Evoke Berserk Rage


You were on level 3 of the Dungeon.
You were not hungry.

You visited 1 branch of the dungeon, and saw 4 of its levels.

You collected 65 gold pieces.

Inventory:

Hand weapons
 e - a +0 club
 j - a cursed -3 short sword (weapon)
 m - a +0 dagger
Armour
 a - a +0 robe (worn)
 b - a +0 hat (worn)
Jewellery
 h - an amulet of rage (around neck)
 n - a ring of sustain abilities (left hand)
Magical devices
 w - a wand of polymorph (6)
Scrolls
 q - a scroll of amnesia {unknown}
 v - a scroll of remove curse {unknown}
 y - a scroll of recharging {unknown}
Potions
 f - a potion of heal wounds
 g - 5 potions of curing
 i - a potion of haste
 k - a potion of degeneration
 l - a potion of restore abilities {unknown}
 r - a potion of mutation {unknown}
 s - a potion of might {unknown}
 t - 2 potions of invisibility
Books
 c - a book of Minor Magic

   Spells                             Type                      Level
   a - Magic Dart                     Conjuration                  1
   b - Blink                          Translocation                2
   c - Call Imp                       Summoning                    2
   d - Repel Missiles                 Charms/Air                   2
   e - Slow                           Hexes                        2
   f - Conjure Flame                  Conjuration/Fire             3
   g - Mephitic Cloud                 Conjuration/Poison/Air       3
Comestibles
 d - 2 bread rations
 o - a meat ration
 p - 3 beef jerkies
 u - 2 fruits
 x - 7 chunks of flesh


   Skills:
 + Level 3.8 Dodging
 - Level 2.4 Stealth
 * Level 6.3 Spellcasting
 - Level 4.4 Conjurations
 - Level 1.1 Summonings
 * Level 1.1 Translocations


You had 3 spell levels left.
You knew the following spells:

 Your Spells              Type           Power        Failure   Level  Hunger
a - Magic Dart            Conj           ####         1%          1    None
b - Conjure Flame         Conj/Fire      ###.....     12%         3    None
c - Call Imp              Summ           ##......     10%         2    None
d - Blink                 Tloc           N/A          10%         2    None
e - Mephitic Cloud        Conj/Pois/Air  ##......     14%         3    None
f - Repel Missiles        Chrm/Air       #.....       12%         2    None


Dungeon Overview and Level Annotations

Branches:
Dungeon (4/15)
 Temple: D:4-7

Altars:


Message History

As you read the scroll of identify, it crumbles to dust.
i - a potion of haste Read which item? (? for menu, Esc to quit)
Identify which item? (\ to view known items) (? for menu, Esc to quit)
As you read the scroll of identify, it crumbles to dust.
t - 2 potions of invisibility Read which item? (? for menu, Esc to quit)
Identify which item? (\ to view known items) (? for menu, Esc to quit)
As you read the scroll of identify, it crumbles to dust.
k - a potion of degeneration You open the door.
There is an open door here.
A centaur comes into view.
The centaur shouts!
The centaur wields a shortbow.
The centaur shoots an arrow of flame.
The arrow of flame hits you! The arrow of flame burns you.
The centaur shoots an arrow of flame.
The arrow of flame hits you!
* * * LOW HITPOINT WARNING * * *
The arrow of flame burns you.
You die...

.# ##.#.## #...........
## #.###.# #.......### ##
##.#.## #...<...# .#
#.#.# #.....c.# .#
##.#.## #.......# .#
#.###.# #.......# ##
##.#.## #....#..# ##
#.#.# ####.#..# .# #.#.##
#....@..# ## #.###.#
####.##.###### .# ##.#.##
#.............. ##
#.#.######+#'##########
#.#......................
#...[...........########.
###.............#
#.............#
#.............#


You could see a centaur.

Vanquished Creatures
  A hungry ghost (D:3)
  Terence (D:2)
  An adder (D:3)
  A gnoll (D:1)
  A giant mite (D:3)
  A giant gecko (D:2)
  An ooze (D:2)
  2 orcs (D:3)
  3 ball pythons
  5 bats
  10 goblins
  6 hobgoblins
  4 jackals (D:1)
  4 kobolds
  A quokka (D:3)
  A giant newt (D:1)
  7 rats
50 creatures vanquished.

Vanquished Creatures (collateral kills)
  3 jackals (D:1)
3 creatures vanquished.

Grand Total: 53 creatures vanquished

Notes
Turn   | Place    | Note
--------------------------------------------------------------
     0 | D:1      | faibistes, the Deep Elf Wizard, began the quest for the Orb.
     0 | D:1      | Reached XP level 1. HP: 10/10 MP: 6/6
   352 | D:2      | Reached XP level 2. HP: 15/15 MP: 5/10
   358 | D:2      | Learned a level 2 spell: Blink
   361 | D:2      | Learned a level 2 spell: Call Imp
   982 | D:1      | Reached XP level 3. HP: 19/19 MP: 10/13
   988 | D:1      | Learned a level 3 spell: Conjure Flame
   992 | D:1      | Learned a level 3 spell: Mephitic Cloud
  1326 | D:1      | Reached skill level 5 in Spellcasting
  1726 | D:2      | Noticed Terence
  1745 | D:2      | Killed Terence
  1912 | D:3      | Reached XP level 4. HP: 17/24 MP: 9/17
  2111 | D:2      | Learned a level 2 spell: Repel Missiles
  2570 | D:3      | Noticed a hungry ghost
  2589 | D:3      | Killed a hungry ghost
  2589 | D:3      | Reached skill level 6 in Spellcasting
  2589 | D:3      | Reached XP level 5. HP: 28/28 MP: 2/20
  2884 | D:3      | Noticed a centaur
  2885 | D:3      | HP: 1/28 [centaur/arrow of flame (12)]
  2885 | D:3      | Shot with an arrow of flame by a centaur

Action                   |  1- 3 |  4- 6 || total
-------------------------+-------+-------++-------
Melee: Club              |     4 |       ||     4
       Short sword       |     8 |       ||     8
 Cast: Magic Dart        |    77 |    29 ||   106
       Call Imp          |     3 |       ||     3
       Conjure Flame     |     4 |     5 ||     9
       Mephitic Cloud    |     1 |       ||     1
       Repel Missiles    |       |     2 ||     2
  Use: Scroll            |       |     5 ||     5
  Eat: Chunk             |     2 |     4 ||     6
